 Dungeon Crawl Stone Soup version 0.29-a0-923-g6e406bff71 (webtiles) character file.

Game seed: 2919481701687227465

674 xian the Covert (level 7, 0/40 (45) HPs)
             Began as an Octopode Brigand on July 27, 2022.
             Was an Initiate of Gozag.
             Slain by a wight
             ... wielding a +4 dagger
              (5 damage)
             ... on level 5 of the Dungeon.
             The game lasted 00:15:49 (5998 turns).

xian the Covert (Octopode Brigand)                  Turns: 5998, Time: 00:15:50

HP:   0/40 (45)     AC:  1    Str: 20    XL:     7   Next: 59%
MP:   7/7           EV: 13    Int: 12    God:    Gozag
Gold: 288           SH:  0    Dex: 15    Spells: 6/6 levels left

rFire   . . .      SeeInvis .   a - +2 dagger
rCold   . . .      Faith    .   (no shield)
rNeg    . . .      Spirit   .   (helmet restricted)
rPois   .          Reflect  .   f - amulet of the acrobat
rElec   .          Harm     .   d - +6 ring of strength
rCorr   .          Rampage  .   (no ring)
Will    .....                   (no ring)
Stlth   ++++++....              (no ring)
HPRegen 0.13/turn               (no ring)
MPRegen 0.10/turn               (no ring)
                                (no ring)
                                (no ring)

@: heavily drained
A: almost no armour, amphibious, 8 rings, camouflage 1, gelatinous body 1,
(nimble swimmer 1), tentacles, strong 1
a: Renounce Religion, Potion Petition, Call Merchant, Bribe Branch


You were on level 5 of the Dungeon.
You worshipped Gozag.
Gozag was aware of your devotion.
You visited 2 branches of the dungeon, and saw 7 of its levels.
You also visited: Sewer.

You collected 406 gold pieces.
You paid 118 gold pieces to Gozag.

Inventory:

Hand Weapons
 a - a +2 dagger (weapon)
Missiles
 b - 12 poisoned darts (quivered)
 c - 3 curare-tipped darts
Jewellery
 d - a +6 ring of strength (left tentacle)
 f - an amulet of the acrobat (around mantle)
Wands
 n - a wand of roots (9)
Scrolls
 i - a scroll of immolation
 j - a scroll of magic mapping
 k - a scroll of enchant armour {unknown}
 l - 3 scrolls of teleportation
 m - a scroll of blinking
 p - a scroll of summoning
 q - a scroll of enchant weapon
 r - a scroll of silence {unknown}
 s - a scroll of identify
 u - a scroll of poison {unknown}
Potions
 e - 3 potions of heal wounds {unknown}
 g - 2 potions of mutation
 h - 3 potions of curing
 o - 6 potions of flight
 t - a potion of might {unknown}


   Skills:
 + Level 2.7 Fighting
 + Level 3.5 Short Blades
 + Level 2.6 Throwing
 + Level 2.3 Dodging
 + Level 10.7 Stealth


You had 6 spell levels left.
You didn't know any spells.
Your spell library contained the following spells:

 Spells                   Type           Power      Damage    Failure   Level
 Sandblast                Erth           0%         2d4       32%         1
 Slow                     Hex            0%         N/A       32%         1
 Ensorcelled Hibernation  Hex/Ice        0%         N/A       45%         2
 Passwall                 Tmut/Erth      0%         N/A       45%         2
 Static Discharge         Conj/Air       0%         3-3/arc   45%         2
 Confusing Touch          Hex            0%         N/A       69%         3
 Stone Arrow              Conj/Erth      0%         3d7       69%         3
 Swiftness                Air            0%         N/A       69%         3
 Vampiric Draining        Necr           0%         2d6       69%         3
 Blade Hands              Tmut           0%         N/A       100%        5
 Irradiate                Conj/Tmut      0%         3d11      100%        5
 Lightning Bolt           Conj/Air       0%         1d11      100%        5
 Dragon Form              Tmut           0%         N/A       100%        7
 Maxwell's Capacitive Co  Air            0%         ∞         100%        8


Dungeon Overview and Level Annotations

Branches:
Dungeon (6/15)             Temple (1/1) D:5           Sewer (visited)

Altars:
Ashenzari
Dithmenos
Elyvilon
Fedhas
Gozag
Hepliaklqana
Makhleb
Nemelex Xobeh
Okawaru
Ru
Trog
Uskayaw
Wu Jian
Xom
Zin
The Shining One

Shops:
D:1 *   D:5 [


Innate Abilities, Weirdness & Mutations

You cannot wear most types of armour.
You are amphibious.
You can wear up to eight rings at the same time.
Your skin changes colour to match your surroundings (Stealth+).
Your rubbery body absorbs attacks. (AC +1, EV +1)
((You are camouflaged when in or above water. (Stealth+)))
You have tentacles for arms and can constrict up to eight enemies at once.
Your muscles are strong. (Str +4, Int/Dex -1)


Message History

There is a stone staircase leading down here.
You climb downwards.
There is a stone staircase leading up here.
Found a leather armour.
The helpless wight fails to defend itself.
You stick the wight like a pincushion!!!
You destroy the wight!
A wight comes into view. It is wielding a +0 falchion.
The wight closely misses you.
Things that are here:
5 gold pieces; a +2 spear; a +0 robe You barely miss the wight.
Your grab misses the wight. You squeeze the wight!
The wight is heavily damaged.
The wight completely misses you. The wight hits you with a +3 dagger!
You feel drained. The wight hits you with a +4 dagger!
You feel drained. The wight misses you.
The wight is distracted by your dazzling golden aura.
The wight attacks as you move away! The wight misses you.
There is a stone staircase leading up here.
The wight closely misses you. The wight barely misses you.
You climb upwards.
There is a stone staircase leading down here.
You hit the wight. Your grab misses the wight.
The wight is heavily damaged.
The wight hits you with a +4 dagger. The wight barely misses you.
Okay, then.
You hit the wight. Your grab misses the wight.
The wight is severely damaged.
The wight hits you with a +4 dagger!
You feel drained.
The wight hits you with a +5 dire flail!
* * * LOW HITPOINT WARNING * * *
You hit the wight but do no damage. You grab the wight.
The wight is severely damaged.
You constrict the wight, but do no damage.
The wight closely misses you. The wight completely misses you.
It was a potion of mutation.
You feel extremely strange.
You feel stronger.
You constrict the wight. The wight hits you with a +4 dagger.
You die...
Your body crumbles into a pile of gold.

#......#######............#.#.#.
##.....##...##.........#........
##.....##...##...#####.##.......
#......#....##...##...##########
#......#..>.....∩.#....#
#......+.....>....+....#
##.....###'###...##...##### #
##.....##...##..z#######..######
#...........+.z@...<.......(....
#...........#..............#####
###.##..#######..###.#......#
.##.########.##..############
...............(..'...#
...........<......#...#
....###############...#
....##..######...##...#
....##...........##..##


You could see 2 wights.

Vanquished Creatures
  2 scorpions (D:5)
  A wight (D:6)
  4 hounds
  An orc priest (D:3)
  An iguana (D:4)
  Terence (D:3)
  12 adders
  6 river rats
  A shadow imp (D:5)
  5 worms
  6 orcs
  11 ball pythons
  10 endoplasms
  7 giant cockroaches
  7 goblins
  3 hobgoblins
  6 jackals
  7 kobolds
  9 quokkas
  13 bats
  3 frilled lizards
  11 rats
127 creatures vanquished.

Notes
Turn   | Place    | Note
-------+----------+-------------------------------------------
     0 | D:1      | xian the Octopode Brigand began the quest for the Orb.
     0 | D:1      | Reached XP level 1. HP: 14/14 MP: 1/1
   207 | D:1      | Found Ugyir's Assorted Antiques.
   410 | D:1      | Reached XP level 2. HP: 19/19 MP: 2/2
   450 | D:1      | Reached skill level 6 in Stealth
  1036 | D:2      | Reached XP level 3. HP: 24/24 MP: 3/3
  1559 | D:2      | Noticed a shining eye
  1564 | D:2      | Noticed a great orb of eyes
  1566 | D:2      | Found a faded altar of an unknown god.
  1568 | D:2      | Noticed a shining eye
  1568 | D:2      | Noticed an eye of devastation
  1762 | D:2      | Reached skill level 7 in Stealth
  2065 | D:3      | Reached XP level 4. HP: 12/29 MP: 4/4
  2378 | D:3      | Noticed Terence
  2389 | D:3      | Killed Terence
  3049 | D:3      | Reached XP level 5. HP: 34/34 MP: 5/5
  3268 | D:3      | Reached skill level 8 in Stealth
  3681 | D:4      | Found a glowing drain.
  3690 | Sewer    | Entered a sewer
  3766 | Sewer    | Reached XP level 6. HP: 14/40 MP: 6/6
  4130 | Sewer    | Reached skill level 9 in Stealth
  5113 | D:4      | Found a broken altar of Ashenzari.
  5154 | D:4      | Found a shadowy altar of Dithmenos.
  5295 | D:5      | Entered Level 5 of the Dungeon
  5301 | D:5      | Found Iropt's Armour Shop.
  5357 | D:5      | Reached XP level 7. HP: 38/45 MP: 7/7
  5360 | D:5      | Found a staircase to the Ecumenical Temple.
  5367 | Temple   | Entered the Ecumenical Temple
  5482 | Temple   | Became a worshipper of Gozag Ym Sagoz the Greedy
  5517 | D:5      | Reached skill level 10 in Stealth
  5998 | D:5      | Gained mutation: Your muscles are strong. (Str +4, Int/Dex
                  | -1) [potion of mutation]
  5998 | D:5      | Slain by a wight

Illustrated notes

Levels and vault maps discovered:
D:1:      dpeg_arrival_solitude, layout_loops_cross, serial_shops, shop
D:2:      layout_basic, hellmonk_ecumenical_altar_watching_god
D:3:      layout_loops_corners, minmay_misc_feat_ornament, chequers_arboretum,
          minmay_misc_feat_enclosed, supply_closet_lemuel, uniq_terence
D:4:      layout_rooms, minitemple, gup_sewer_entry_bubbles,
          hangedman_decor_points
D:5:      layout_gridville, temple_green, serial_shops, shop,
          hangedman_decor_lopped
D:6:      layout_loops_corners, palyth_temple_overflow_mages,
          general_overflow_altar, mainiacjoe_overflow_alcove_1, serial_shops,
          shop_coins, uniq_grinder
Temple:   nicolae_temple_superstar

Skill      XL: |  1  2  3  4  5  6  7 |
---------------+----------------------+-----
Stealth        | 6 7 8 9 10 | 10.7
Short Blades   | 3 |  3.5
Dodging        | 2 |  2.3
Fighting       | |  2.7
Throwing       | |  2.6

Action                   |  1- 3 |  4- 6 |  7- 9 || total
-------------------------+-------+-------+-------++-------
Melee: Dagger            |    64 |   146 |    15 ||   225
       Constrict         |    15 |    35 |     3 ||    53
       Tentacles         |     8 |    41 |     5 ||    54
       Punch             |       |     7 |       ||     7
Throw: Dart              |       |    19 |       ||    19
  Use: Scroll            |       |    10 |       ||    10
       Potion            |       |     2 |     1 ||     3
 Stab: Sleeping          |    18 |    32 |     4 ||    54
       Distracted        |     1 |       |       ||     1
Armor: Skin              |     4 |     6 |       ||    10
Dodge: Dodged            |    43 |   103 |    10 ||   156

Table legend: (Time is in decaauts)
 A = Elapsed time spent in this place.
 B = Non-inter-level travel time spent in this place.
 C = Inter-level travel time spent in this place.
 D = Time resting spent in this place.
 E = Time spent auto-exploring this place.
 F = Levels seen in this place.
 G = Mean time per level.
                   A        B        C        D        E       F      G
               +--------+--------+--------+--------+--------+-----+--------+
         Total |   5963 |   5835 |    128 |      2 |   4430 |   8 |  745.4 |
       Dungeon |   4787 |   4659 |    128 |      0 |   3589 |   6 |  797.8 |
        Temple |    129 |    129 |      0 |      0 |     85 |   1 |  129.0 |
         Sewer |   1046 |   1046 |      0 |      2 |    756 |   1 | 1046.0 |
               +--------+--------+--------+--------+--------+-----+--------+

Top non-repeatable levels by time:
     D:3: 1511 daAuts
     D:2: 1075 daAuts
   Sewer: 1046 daAuts
     D:1: 907 daAuts
     D:4: 722 daAuts
     D:5: 558 daAuts
  Temple: 129 daAuts
     D:6: 11 daAuts
